TOP OF THE 1ST |
Reading Rainbows batting - Pitching for Wilmington Rebels : LHP Matt Fritz
|
Pitching: LHP Matt Fritz
|
|
Batting: LHB Miguel Colón
|
0-0: Ball 1-0: Ball 2-0: Foul Ball, location: 2F 2-1: Ball 3-1: Base on Balls
|
Batting: RHB Wyatt McKinnon
|
0-0: Ball 1-0: Foul Ball, location: 2F 1-1: Ball 2-1: SINGLE (Groundball, 34D) (infield hit) Miguel Colón to second
|
Batting: RHB Dan Banks
|
0-0: Called Strike 0-1: Foul Ball, location: 2F 0-2: SINGLE (Line Drive, 7LM) Miguel Colón to third Wyatt McKinnon to second
|
Batting: LHB Eduardo Rodríguez
|
0-0: Called Strike 0-1: SINGLE (Groundball, 4MD) Miguel Colón scores Wyatt McKinnon to third Dan Banks to second
|
Batting: RHB Albert Lutz
|
0-0: TRIPLE (Flyball, 8LXD) Wyatt McKinnon scores Dan Banks scores Eduardo Rodríguez scores
|
Batting: RHB Salvador Correa
|
0-0: Ball 1-0: Ball 2-0: TRIPLE (Flyball, 9D) Albert Lutz scores
|
Batting: SHB José Rivera
|
0-0: Fly out, F8 (Flyball, 8RXD) Runner from 3rd tags up, SCORES, no throw
|
Batting: LHB Alfonso Ruíz
|
0-0: Ball 1-0: Ground out 1-3 (Groundball, 13)
|
Batting: RHB Louis Smith
|
0-0: Ground out 5-3 (Groundball, 56)
|
Top of the 1st over - 6 run(s), 5 hit(s), 0 error(s), 0 left on base; Reading 6 - Wilmington 0 |
BOTTOM OF THE 1ST |
Wilmington Rebels batting - Pitching for Reading Rainbows : LHP Armando Rodríguez
|
Pitching: LHP Armando Rodríguez
|
|
Batting: RHB Shawn Marshall
|
0-0: Ball 1-0: SINGLE (Line Drive, 4MD)
|
Batting: RHB Carlos Moya
|
0-0: Ball 1-0: Swinging Strike 1-1: Ball 2-1: Ground out 4-3 (Groundball, 4M) Shawn Marshall to second
|
Batting: LHB Dave Watson
|
0-0: Ball 1-0: Swinging Strike 1-1: Ball 2-1: Reached on error, E4 (Groundball, 34) Shawn Marshall to third
|
Batting: RHB Octávio Marín
|
0-0: Called Strike 0-1: Ball 1-1: Called Strike 1-2: SINGLE (Line Drive, 34D) Shawn Marshall scores Dave Watson to second
|
Batting: RHB Bob Lazzeri
|
0-0: Ball 1-0: Foul Ball, location: 2F 1-1: Called Strike 1-2: Strikes out swinging
|
Batting: RHB Al Reese
|
0-0: Ball 1-0: Swinging Strike 1-1: Hit by Pitch Dave Watson to third Octávio Marín to second
|
Batting: LHB Tim Bruce
|
0-0: Fly out, F7 (Line Drive, 78M)
|
Bottom of the 1st over - 1 run(s), 2 hit(s), 1 error(s), 3 left on base; Reading 6 - Wilmington 1 |
TOP OF THE 2ND |
Reading Rainbows batting - Pitching for Wilmington Rebels : LHP Matt Fritz
|
Batting: LHB Miguel Colón
|
0-0: Swinging Strike 0-1: Foul Ball, location: 2F 0-2: Ball 1-2: Ball 2-2: SINGLE (Line Drive, 6M)
|
Batting: RHB Wyatt McKinnon
|
0-0: SINGLE (Groundball, 6D) Miguel Colón to second
|
Batting: RHB Dan Banks
|
0-0: Foul Ball, location: 2F 0-1: Swinging Strike 0-2: Ball 1-2: Foul Ball, location: 2F 1-2: Ball 2-2: Strikes out looking
|
Batting: LHB Eduardo Rodríguez
|
0-0: Ball 1-0: Ball 2-0: Grounds into double play, 1-6-3 (Groundball, 15)
|
Top of the 2nd over - 0 run(s), 2 hit(s), 0 error(s), 1 left on base; Reading 6 - Wilmington 1 |
BOTTOM OF THE 2ND |
Wilmington Rebels batting - Pitching for Reading Rainbows : LHP Armando Rodríguez
|
Batting: RHB Enrico Bonizo
|
0-0: Ball 1-0: Bunt for hit - play at first, batter safe!
|
Batting: RHB Norberto Gonzáles
|
0-0: Ball 1-0: Ball Balk! Enrico Bonizo to second 2-0: Called Strike 2-1: Ball 3-1: SINGLE (Groundball, 34S) Enrico Bonizo to third
|
Batting: RHB Shawn Marshall
|
0-0: Called Strike 0-1: Foul Ball, location: 2F 0-2: Ball 1-2: Foul Ball, location: 2F 1-2: Fly out, F4 (Popup, 4MD)
|
Batting: RHB Carlos Moya
|
0-0: Ball 1-0: Called Strike 1-1: Grounds into double play, 1-6-3 (Groundball, 15)
|
Bottom of the 2nd over - 0 run(s), 2 hit(s), 0 error(s), 1 left on base; Reading 6 - Wilmington 1 |
TOP OF THE 3RD |
Reading Rainbows batting - Pitching for Wilmington Rebels : LHP Matt Fritz
|
Batting: RHB Albert Lutz
|
0-0: Foul Ball, location: 2F 0-1: Ball 1-1: Ball 2-1: Ball 3-1: Swinging Strike 3-2: Strikes out looking
|
Batting: RHB Salvador Correa
|
0-0: Called Strike 0-1: Foul Ball, location: 2F 0-2: Ball 1-2: Fly out, F8 (Flyball, 8RXD)
|
Batting: SHB José Rivera
|
0-0: Ball 1-0: SINGLE (Line Drive, 6D)
|
Batting: LHB Alfonso Ruíz
|
0-0: Ball 1-0: Called Strike 1-1: Swinging Strike 1-2: Fielders Choice at 2nd, 5-4 (Groundball, 56)
|
Top of the 3rd over - 0 run(s), 1 hit(s), 0 error(s), 0 left on base; Reading 6 - Wilmington 1 |
BOTTOM OF THE 3RD |
Wilmington Rebels batting - Pitching for Reading Rainbows : LHP Armando Rodríguez
|
Batting: LHB Dave Watson
|
0-0: Called Strike 0-1: Ball 1-1: Called Strike 1-2: Strikes out swinging
|
Batting: RHB Octávio Marín
|
0-0: Called Strike 0-1: Ball 1-1: Foul Ball, location: 2F 1-2: Foul Ball, location: 2F 1-2: Foul Ball, location: 2F 1-2: Ball 2-2: Ground out 4-3 (Groundball, 4)
|
Batting: RHB Bob Lazzeri
|
0-0: Foul Ball, location: 2F 0-1: Swinging Strike 0-2: Ground out 3-1 (Groundball, 34S)
|
Bottom of the 3rd over - 0 run(s), 0 hit(s), 0 error(s), 0 left on base; Reading 6 - Wilmington 1 |
TOP OF THE 4TH |
Reading Rainbows batting - Pitching for Wilmington Rebels : LHP Matt Fritz
|
Batting: RHB Louis Smith
|
0-0: Ball 1-0: Called Strike 1-1: Foul Ball, location: 2F 1-2: Ball 2-2: Fly out, F9 (Flyball, 89S)
|
Batting: LHB Miguel Colón
|
0-0: Foul Ball, location: 2F 0-1: Swinging Strike 0-2: Ball 1-2: Ball 2-2: Ground out 3-1 (Groundball, 34)
|
Batting: RHB Wyatt McKinnon
|
0-0: Reached on Error, E5 (Popup, 2L)
|
Batting: RHB Dan Banks
|
0-0: Called Strike 0-1: Fly out, F8 (Flyball, 8LM)
|
Top of the 4th over - 0 run(s), 0 hit(s), 1 error(s), 1 left on base; Reading 6 - Wilmington 1 |
BOTTOM OF THE 4TH |
Wilmington Rebels batting - Pitching for Reading Rainbows : LHP Armando Rodríguez
|
Batting: RHB Al Reese
|
0-0: Foul Ball, location: 2F 0-1: Swinging Strike 0-2: Ball 1-2: DOUBLE (Groundball, 5L)
|
Batting: LHB Tim Bruce
|
0-0: Called Strike 0-1: Ground out 3-1 (Groundball, 34) Al Reese to third
|
Batting: RHB Enrico Bonizo
|
0-0: Foul Ball, location: 2F 0-1: Called Strike 0-2: Foul Ball, location: 2F 0-2: Fly out, F6 (Line Drive, 6)
|
Batting: RHB Norberto Gonzáles
|
Single, Error in OF, E7, batter to second base Al Reese scores
|
Batting: RHB Shawn Marshall
|
0-0: Reached on Error, E4 (Popup, 3D) Norberto Gonzáles to third
|
Batting: RHB Carlos Moya
|
0-0: Foul Ball, location: 2F 0-1: SINGLE (Flyball, 89S) Norberto Gonzáles scores Shawn Marshall to second Runner from 2nd tries for 3rd, SAFE, no throw or cutoff
|
Batting: LHB Dave Watson
|
0-0: Called Strike 0-1: Called Strike 0-2: Fly out, F4 (Popup, 4)
|
Bottom of the 4th over - 2 run(s), 3 hit(s), 2 error(s), 2 left on base; Reading 6 - Wilmington 3 |
TOP OF THE 5TH |
Reading Rainbows batting - Pitching for Wilmington Rebels : LHP Matt Fritz
|
Batting: LHB Eduardo Rodríguez
|
0-0: Ball 1-0: Called Strike 1-1: Foul Ball, location: 2F 1-2: Ball 2-2: Ball 3-2: Strikes out swinging
|
Batting: RHB Albert Lutz
|
0-0: Ball 1-0: Ball 2-0: Ball 3-0: Called Strike 3-1: Ground out 4-3 (Groundball, 4M)
|
Batting: RHB Salvador Correa
|
0-0: Ball 1-0: Ball 2-0: Ball 3-0: Base on Balls
|
Batting: SHB José Rivera
|
0-0: Ball 1-0: Ball 2-0: Foul Ball, location: 2F 2-1: Foul Ball, location: 2F 2-2: Ball 3-2: SINGLE (Flyball, 7LS) Salvador Correa to second Salvador Correa to third
|
Batting: LHB Alfonso Ruíz
|
0-0: Swinging Strike 0-1: Ball 1-1: SINGLE (Groundball, 56) Salvador Correa scores José Rivera to second
|
Pitching: RHP Jim Wilson
|
|
Batting: RHB Louis Smith
|
0-0: Ball 1-0: Called Strike 1-1: Fly out, F9 (Flyball, 89M)
|
Top of the 5th over - 1 run(s), 2 hit(s), 0 error(s), 2 left on base; Reading 7 - Wilmington 3 |
BOTTOM OF THE 5TH |
Wilmington Rebels batting - Pitching for Reading Rainbows : LHP Armando Rodríguez
|
Batting: RHB Octávio Marín
|
0-0: Ball 1-0: Ball 2-0: SOLO HOME RUN (Flyball, 9D), Distance : 394 ft
|
Batting: RHB Bob Lazzeri
|
0-0: SOLO HOME RUN (Flyball, 9LD), Distance : 359 ft
|
Batting: RHB Al Reese
|
0-0: Called Strike 0-1: Ball 1-1: Ball 2-1: SINGLE (Flyball, 4MD)
|
Batting: LHB Tim Bruce
|
0-0: Called Strike 0-1: Ball 1-1: Foul Ball, location: 2F 1-2: Foul Ball, location: 2F 1-2: Reached on error, E4 (Groundball, 34) Al Reese to second
|
Batting: RHB Enrico Bonizo
|
0-0: SINGLE (Groundball, 5D) Al Reese to third Tim Bruce to second Runner from 3rd tries for Home, SAFE, no throw or cutoff
|
Batting: RHB Norberto Gonzáles
|
0-0: Ball 1-0: Ball 2-0: Grounds into double play, 6-4-3 (Groundball, 6M) Tim Bruce to third
|
Batting: RHB Shawn Marshall
|
0-0: Foul Ball, location: 2F 0-1: Called Strike 0-2: Foul Ball, location: 2F 0-2: Ball 1-2: Ball 2-2: Strikes out swinging
|
Bottom of the 5th over - 3 run(s), 4 hit(s), 1 error(s), 1 left on base; Reading 7 - Wilmington 6 |
TOP OF THE 6TH |
Reading Rainbows batting - Pitching for Wilmington Rebels : RHP Jim Wilson
|
Batting: LHB Miguel Colón
|
0-0: Ground out 6-3 (Groundball, 6)
|
Batting: RHB Wyatt McKinnon
|
0-0: Foul Ball, location: 2F 0-1: Ground out 5-3 (Groundball, 5)
|
Batting: RHB Dan Banks
|
0-0: Ground out 6-3 (Groundball, 6M)
|
Top of the 6th over - 0 run(s), 0 hit(s), 0 error(s), 0 left on base; Reading 7 - Wilmington 6 |
BOTTOM OF THE 6TH |
Wilmington Rebels batting - Pitching for Reading Rainbows : LHP Armando Rodríguez
|
Batting: RHB Carlos Moya
|
0-0: Ball 1-0: Fly out, F7 (Flyball, 7D)
|
Batting: LHB Dave Watson
|
0-0: Ball 1-0: Ball 2-0: Ball 3-0: Called Strike 3-1: Called Strike 3-2: Foul Ball, location: 2F 3-2: Strikes out looking
|
Batting: RHB Octávio Marín
|
0-0: SINGLE (Line Drive, 34)
|
Pitching: LHP Don Carter
|
|
Batting: RHB Bob Lazzeri
|
0-0: Called Strike 0-1: Called Strike Octávio Marín steals 2nd base 0-2: Ball 1-2: Fly out, F9 (Flyball, 89M)
|
Bottom of the 6th over - 0 run(s), 1 hit(s), 0 error(s), 1 left on base; Reading 7 - Wilmington 6 |
TOP OF THE 7TH |
Reading Rainbows batting - Pitching for Wilmington Rebels : RHP Jim Wilson
|
Pitching: LHP Edgar Michael
|
|
Batting: LHB Eduardo Rodríguez
|
0-0: Foul Ball, location: 2F 0-1: Foul Ball, location: 2F 0-2: Ball 1-2: Strikes out swinging
|
Pitching: RHP Manuel Ferreira
|
|
Batting: RHB Albert Lutz
|
0-0: Swinging Strike 0-1: Swinging Strike 0-2: Ball 1-2: Ground out 6-3 (Groundball, 6M)
|
Pitching: LHP Corey Moore
|
|
Batting: RHB Salvador Correa
|
0-0: Ball 1-0: Called Strike 1-1: Ball 2-1: Ground out 6-3 (Groundball, 6)
|
Top of the 7th over - 0 run(s), 0 hit(s), 0 error(s), 0 left on base; Reading 7 - Wilmington 6 |
BOTTOM OF THE 7TH |
Wilmington Rebels batting - Pitching for Reading Rainbows : LHP Don Carter
|
Batting: RHB Al Reese
|
0-0: Ball 1-0: Called Strike 1-1: Ground out 6-3 (Groundball, 6M)
|
Batting: LHB Tim Bruce
|
0-0: Ball 1-0: Fly out, F6 (Popup, 6MD)
|
Batting: RHB Enrico Bonizo
|
0-0: Swinging Strike 0-1: Ground out 6-3 (Groundball, 6M)
|
Bottom of the 7th over - 0 run(s), 0 hit(s), 0 error(s), 0 left on base; Reading 7 - Wilmington 6 |
TOP OF THE 8TH |
Reading Rainbows batting - Pitching for Wilmington Rebels : LHP Corey Moore
|
Batting: SHB José Rivera
|
0-0: Called Strike 0-1: Ball 1-1: Called Strike 1-2: Strikes out swinging
|
Batting: LHB Alfonso Ruíz
|
0-0: Swinging Strike 0-1: Swinging Strike 0-2: Ball 1-2: Ball 2-2: Ball 3-2: Foul Ball, location: 2F 3-2: Reached on error, E4 (Groundball, 4)
|
Batting: RHB Louis Smith
|
0-0: Called Strike 0-1: Foul Ball, location: 2F 0-2: Ball 1-2: Strikes out looking
|
Pinch Hitting: RHB Jerome Brewer
|
0-0: Ball 1-0: Ball 2-0: Ball 3-0: Called Strike 3-1: Fly out, F8 (Flyball, 8LM)
|
Top of the 8th over - 0 run(s), 0 hit(s), 1 error(s), 1 left on base; Reading 7 - Wilmington 6 |
BOTTOM OF THE 8TH |
Wilmington Rebels batting - Pitching for Reading Rainbows : LHP Don Carter
|
Pitching: RHP Luis Silva
|
|
Now at SS: Jerome Brewer
|
|
Batting: RHB Norberto Gonzáles
|
0-0: Ball 1-0: Called Strike 1-1: Foul Ball, location: 2F 1-2: Foul Ball, location: 2F 1-2: Strikes out swinging
|
Batting: RHB Shawn Marshall
|
0-0: Fly out, F7 (Flyball, 78M)
|
Batting: RHB Carlos Moya
|
0-0: Called Strike 0-1: Ball 1-1: Foul Ball, location: 2F 1-2: Strikes out looking
|
Bottom of the 8th over - 0 run(s), 0 hit(s), 0 error(s), 0 left on base; Reading 7 - Wilmington 6 |
TOP OF THE 9TH |
Reading Rainbows batting - Pitching for Wilmington Rebels : LHP Corey Moore
|
Batting: RHB Wyatt McKinnon
|
0-0: Ball 1-0: Fly out, F8 (Flyball, 8RM)
|
Batting: RHB Dan Banks
|
0-0: Called Strike 0-1: Foul Ball, location: 2F 0-2: Fly out, F8 (Flyball, 8LM)
|
Batting: LHB Eduardo Rodríguez
|
0-0: Ball 1-0: Called Strike 1-1: Foul Ball, location: 2F 1-2: Strikes out swinging
|
Top of the 9th over - 0 run(s), 0 hit(s), 0 error(s), 0 left on base; Reading 7 - Wilmington 6 |
BOTTOM OF THE 9TH |
Wilmington Rebels batting - Pitching for Reading Rainbows : RHP Luis Silva
|
Pitching: LHP Jason Nichols
|
|
Now in RF: Shane Lynch
|
|
Pinch Hitting: RHB Chan-seok O
|
0-0: Ground out 4-3 (Groundball, 4)
|
Pinch Hitting: RHB Jessie Thompson
|
0-0: Foul Ball, location: 2F 0-1: Hit by Pitch
|
Batting: RHB Bob Lazzeri
|
0-0: Called Strike 0-1: Ball 1-1: Ball 2-1: Swinging Strike 2-2: Fly out, F4 (Popup, 34D)
|
Pinch Hitting: RHB Carlos Ordóńez
|
0-0: Ball 1-0: Foul Ball, location: 2F 1-1: Foul Ball, location: 2F 1-2: Ball 2-2: Ball 3-2: Base on Balls Jessie Thompson to second
|
Pinch Hitting: LHB Chandler Hubbard
|
0-0: Ball 1-0: Foul Ball, location: 2F 1-1: Foul Ball, location: 2F 1-2: Foul Ball, location: 2F 1-2: Foul Ball, location: 2F 1-2: Foul Ball, location: 2F 1-2: Ball 2-2: Ball 3-2: Fly out, F8 (Flyball, 8RS)
|
Bottom of the 9th over - 0 run(s), 0 hit(s), 0 error(s), 2 left on base; Reading 7 - Wilmington 6 |
|